 Dungeon Crawl Stone Soup version 0.32-a0-132-g2d33c3cfaf (webtiles) character file.

Game seed: 2022973306089994798

107 SmokeWeed the Ducker (level 4, -1/34 HPs)
             Began as a Merfolk Gladiator on Feb 9, 2024.
             Slain by a gnoll
             ... wielding a +0 halberd
              (8 damage)
             ... on level 3 of the Dungeon.
             The game lasted 00:06:31 (1446 turns).

SmokeWeed the Ducker (Merfolk Gladiator)            Turns: 1446, Time: 00:06:32

Health: -1/34      AC: 10    Str: 14    XL:     4   Next: 85%
Magic:  4/4        EV:  6    Int:  7    God:
Gold:   135        SH:  0    Dex: 17    Spells: 3/3 levels left

rFire   + + .        p - +4 quarterstaff (chaos)
rCold   . . .        (shield currently unavailable)
rNeg    . . .        x - +3 scale mail {rF+}
rPois   .            c - +0 helmet
rElec   .            v - scarf {shadows}
rCorr   .            (no gloves)
SInv    .            (no boots)
Will    .....        (no amulet) Stlth
                     b - ring of protection from fire
HPRegen 0.25/turn    (no ring)
MPRegen 0.09/turn

%: no passive effects
@: weak-willed, held
A: (nimble swimmer 2), mertail
a: no special abilities


You were on level 3 of the Dungeon.
You visited 1 branch of the dungeon, and saw 3 of its levels.

You collected 135 gold pieces.

Inventory:

Hand Weapons
 a - a +0 long sword
 g - a +0 spear
 p - a +4 quarterstaff of chaos (weapon)
Missiles
 d - 2 throwing nets (quivered)
 e - a javelin
Armour
 c - a +0 helmet (worn)
 q - a +0 cloak
 v - a scarf of shadows (worn)
 x - a +3 scale mail of fire resistance (worn)
Jewellery
 b - a ring of protection from fire (left hand)
Talismans
 s - a maw talisman
Wands
 o - a wand of polymorph (8)
Scrolls
 i - a scroll of fog
Potions
 l - 2 potions of lignification
 n - a potion of enlightenment
 r - a potion of cancellation {unknown}
 t - a potion of attraction {unknown}
 u - a potion of heal wounds {unknown}


   Skills:
 + Level 2.9 Fighting
 + Level 4.9 Long Blades
 + Level 0.1 Staves
 + Level 2.2 Throwing
 + Level 0.1 Armour
 + Level 5.1 Dodging
 + Level 1.0 Stealth


You had 3 spell levels left.
You didn't know any spells.
Your spell library contained the following spells:

 Spells                   Type           Power      Damage    Failure   Level
 Fugue of the Fallen      Necr           0%         N/A       99%         3
 Gell's Gravitas          Tloc           0%         N/A       99%         3
 Hailstorm                Conj/Ice       0%         3d5       99%         3
 Inner Flame              Hex/Fire       0%         N/A       99%         3
 Ozocubu's Armour         Ice            0%         N/A       99%         3
 Summon Ice Beast         Ice/Summ       0%         N/A       99%         3
 Teleport Other           Tloc           0%         N/A       99%         3
 Volatile Blastmotes      Fire/Tloc      0%         2d10      99%         3
 Flame Wave               Conj/Fire      0%         2d4       100%        4
 Manifold Assault         Tloc           0%         N/A       100%        4
 Sticky Flame             Fire/Alch      0%         2d4       100%        4
 Dispersal                Tloc           0%         N/A       100%        6
 Sculpt Simulacrum        Ice/Alch       0%         N/A       100%        6
 Starburst                Conj/Fire      0%         6d3       100%        6
 Ignition                 Fire           0%         3d3       100%        8


Dungeon Overview and Level Annotations

Branches:
Dungeon (3/15)

Altars:

Shops:
D:2 (


Innate Abilities, Weirdness & Mutations

((You are very nimble when in or above water. (Stealth+, EV+, Speed+++)))
Your lower body shifts to a powerful aquatic tail in water.


Message History

You kill the ribbon worm!
Found a notched iron ring.
Found a fizzy cyan potion.
b - a ring of protection from fire
b - a ring of protection from fire (left hand)
l - 2 fizzy cyan potions (gained 1)
As you read the scroll labelled GIQICS XESMUSU, it crumbles to dust.
Wisps of shadow whirl around you...
It was a scroll of summoning.
As you read the scroll labelled BOS KIELIAGH, it dissolves into smoke.
It was a scroll of fog.
As you read the scroll labelled TOSACA FEWN, it crumbles to dust.
A wave of despondency washes over your surroundings.
It was a scroll of vulnerability.
As you read the scroll labelled WEOMOS NIKA, it crumbles to dust.
It is a scroll of identify.
n - a potion of enlightenment
As you read the scroll labelled SAREKI SISUB, it crumbles to dust.
You hear a loud clanging noise!
It was a scroll of noise.
As you read the scroll labelled HATONI WYAGAH, it crumbles to dust.
It is a scroll of amnesia.
You feel forgetful for a moment.
As you read the scroll labelled SAPTUM IMIMI, it crumbles to dust.
You feel strangely unstable.
It was a scroll of teleportation.
As you read the scroll of identify, it crumbles to dust.
l - 2 potions of lignification Your surroundings suddenly seem different.
A goblin, a hobgoblin and 4 gnolls come into view.
A gnoll is wielding a +0 halberd and quivering a throwing net.
Found 5 stones and a mace.
The goblin shouts!
The gnoll shouts! x4
The gnoll hits you with a +0 halberd.
The gnoll throws a throwing net.
The throwing net hits you.
You become entangled in the net!
You struggle against the net.
The gnoll hits you with a +0 halberd! The gnoll hits you with a +0 flail.
The gnoll hits you but does no damage. The goblin hits you with a +0 dagger.
You struggle against the net.
The gnoll hits you with a +0 flail!
* * * LOW HITPOINT WARNING * * *
The gnoll barely misses you. x2; The gnoll hits you with a +0 halberd!
You die...

##.....
##......#
###.......#
.......#.#
#..gg...#
####.g(..##
....g.@g..#
#
.....g....#
##
########..#
#. ...# #.
.## #. .)
#. ## #[ #.
#[


You could see 4 gnolls, a hobgoblin and a goblin.

Vanquished Creatures
  Crazy Yiuf (D:2)
  Terence (D:2)
  An adder (D:2)
  A dart slug (D:2)
  A ribbon worm (D:3)
  4 bats
  6 endoplasms
  2 giant cockroaches
  6 goblins
  2 hobgoblins (D:2)
  4 jackals
  A quokka (D:2)
  A ball python (D:1)
  2 kobolds
  6 rats
39 creatures vanquished.

Notes
Turn   | Place    | Note
-------+----------+-------------------------------------------
     0 | D:1      | SmokeWeed the Merfolk Gladiator began the quest for the
                  | Orb.
     0 | D:1      | Reached XP level 1. HP: 16/16 MP: 1/1
   114 | D:1      | Reached XP level 2. HP: 23/23 MP: 2/2
   699 | D:1      | You fall into a shaft and drop 1 floor!
   754 | D:2      | Found a runed translucent door.
   755 | D:2      | Noticed Crazy Yiuf
   765 | D:2      | Killed Crazy Yiuf
   766 | D:2      | Reached XP level 3. HP: 28/28 MP: 3/3
   850 | D:2      | Reached XP level 4. HP: 34/34 MP: 4/4
   885 | D:2      | Found Ynelij's Weapon Boutique.
   905 | D:2      | Reached skill level 1 in Stealth
   966 | D:2      | Got Xugobe's Secrets of the Pyre
  1125 | D:2      | Noticed Terence
  1131 | D:2      | Killed Terence
  1132 | D:2      | Reached skill level 5 in Dodging
  1446 | D:3      | Slain by a gnoll

Illustrated notes

Levels and vault maps discovered:
D:1:      erik_arrival_triangle_medium, layout_basic
D:2:      layout_rooms, serial_shops, nicolae_square_shop, uniq_terence,
          uniq_crazy_yiuf_cottage
D:3:      layout_loops_ring, st_stairs_6, uniq_sigmund

Skill      XL: |  1  2  3  4 |
---------------+-------------+-----
Long Blades    | 4 |  4.9
Stealth        | 1 |  1.0
Dodging        | 5 |  5.1
Fighting       | |  2.9
Staves         | |  0.1
Throwing       | |  2.2
Armour         | |  0.1

Action                     |  1- 3 |  4- 6 || total
---------------------------+-------+-------++-------
  Melee: Long sword        |    51 |       ||    51
         Punch             |     1 |       ||     1
         Quarterstaff      |    14 |    24 ||    38
  Throw: Throwing net      |     1 |       ||     1
    Use: Scroll            |       |     8 ||     8
   Stab: Held in net/web   |     1 |       ||     1
 Armour: Leather armour    |     3 |       ||     3
         Ring mail         |    36 |     8 ||    44
         Scale mail        |       |    13 ||    13
  Dodge: Dodged            |    53 |    11 ||    64

Table legend: (Time is in decaauts)
 A = Elapsed time spent in this place.
 B = Non-inter-level travel time spent in this place.
 C = Inter-level travel time spent in this place.
 D = Time resting spent in this place.
 E = Time spent auto-exploring this place.
 F = Levels seen in this place.
 G = Mean time per level.
                   A        B        C        D        E       F      G
               +--------+--------+--------+--------+--------+-----+--------+
         Total |   1466 |   1466 |      0 |      0 |    951 |   3 |  488.7 |
       Dungeon |   1466 |   1466 |      0 |      0 |    951 |   3 |  488.7 |
               +--------+--------+--------+--------+--------+-----+--------+

Top non-repeatable levels by time:
     D:1: 708 daAuts
     D:2: 684 daAuts
     D:3: 73 daAuts
